[Event "10th Norway Chess 2022"]
[Site "Stavanger"]
[Date "2022.06.10"]
[Round "9.1"]
[White "Mamedyarov, Shakhriyar"]
[Black "Radjabov, Teimour"]
[Result "1/2-1/2"]
[ECO "E11"]
[WhiteElo "2770"]
[BlackElo "2753"]
[Annotator "TA"]
[PlyCount "69"]
[EventDate "2022.05.30"]
[EventType "tourn"]
[EventCountry "NOR"]
[SourceTitle "playchess.com"]
[Source "ChessBase"]
[SourceQuality "1"]
[TimeControl "40/7200:0"]

1. d4 Nf6 2. c4 e6 3. Nf3 d5 4. g3 Bb4+ 5. Bd2 Be7 6. Bg2 O-O 7. O-O c6 8. Qc2 b6 9. Nc3 {[%emt 0:04:31][%cal Bb1c3,Bc3e4,Be4g5][%mdl 32] E11: Bogo-Indian.} dxc4 10. e4 Nbd7 11. e5 Nd5 12. Ne4 Ba6 13. Neg5 g6 14. h4 {[%emt 0:09:35] [#]} Kg7 $146 ({Predecessor:} 14... c5 15. Rad1 Qe8 16. h5 Rd8 17. Qa4 Nb8 18. Qc2 Nd7 19. Qa4 Nb8 20. Qc2 Nd7 {½-½ (20) Beecham,C (2478)-James,A (2400) ICCF email 2020}) 15. h5 c3 {[%emt 0:09:57] [#]} (15... c5 $11 16. Qe4 c3 17. bxc3 Bxf1 18. Bxf1 cxd4 19. cxd4 Rc8) 16. bxc3 $1 $16 Bxf1 17. Bxf1 b5 18. Qe4 Qe8 19. Bd3 {[%emt 0:06:10] White is more active.} (19. Qh4 $16) 19... Bxg5 $11 20. Nxg5 h6 21. hxg6 fxg6 22. Nf3 N7b6 23. Kg2 {[%emt 0:02:38][%cal Od2h6] Black must now prevent Bxh6+!} h5 (23... Nc4 $2 24. Bxh6+ Kxh6 25. Rh1+ Kg7 26. Ng5 $18) 24. Rh1 {[%emt 0:03:23][%cal Od2h6] aiming for Bh6+!} Qf7 $1 25. g4 {[%emt 0:05:54] Hoping for gxh5.} Nc4 26. Bg5 {[%emt 0:03:11] Threatens to win with gxh5. Really sharp!} Nxc3 27. Bf6+ {[%emt 0:00:12] This bishop pair is nice.} Kg8 28. Qe1 Nd5 (28... Nxa2 $2 29. Ng5 Qd7 30. Bxg6 Rxf6 31. exf6 $18) 29. Ng5 Qd7 (29... Nf4+ $2 30. Kg1 Qd7 31. Bxg6 (31. Qe4 Rxf6 32. exf6 e5 $11) 31... Rxf6 32. exf6 $18) 30. Bxg6 {[%emt 0:06:11] Bh7+ is the strong threat.} Nxf6 ({Don't play} 30... Nf4+ 31. Kg1 Rxf6 32. exf6 $18) 31. exf6 Rxf6 32. Bh7+ Kg7 {[%emt 0:00:01] And now ...Qd5+ would win.} (32... Kh8 $2 33. Rxh5 Kg7 34. Bf5 $1 Qd5+ 35. f3 $18) 33. Rxh5 {[%emt 0:00:01][%cal Oh7f5] Strongly threatening Bf5!} Raf8 {[%emt 0:00:07] [#]} (33... Rh8 $11 34. Ne4 Qxd4 35. Nxf6 Qxf6) 34. f3 ({White should play} 34. Bf5 $1 $14 Qd5+ 35. f3 exf5 36. Rh7+ Kg6 37. Qh4 Ne3+ 38. Kg1 fxg4 {[#]} 39. Ne6 $1 ) 34... Rh8 35. Qc3 {[%emt 0:01:01] Weighted Error Value: White=0.15 (very precise) /Black=0.08 (flawless)} (35. Ne4 $5 Qxd4 36. Nxf6 Qxf6 37. Qe4 $11) 1/2-1/2

[Event "10th Norway Chess 2022"]
[Site "Stavanger"]
[Date "2022.06.10"]
[Round "9.1"]
[White "Vachier-Lagrave, Maxime"]
[Black "Giri, Anish"]
[Result "1/2-1/2"]
[ECO "B30"]
[WhiteElo "2750"]
[BlackElo "2761"]
[Annotator "TA"]
[PlyCount "64"]
[EventDate "2022.05.30"]
[EventType "tourn"]
[EventCountry "NOR"]
[SourceTitle "playchess.com"]
[Source "ChessBase"]
[SourceQuality "1"]
[TimeControl "40/7200:0"]

1. e4 c5 2. Nf3 Nc6 3. Bb5 e6 4. O-O Nge7 5. Re1 h6 {[%emt 0:00:21] [#]} 6. b3 $146 {[%emt 0:03:37] B30: Sicilian: 2...Nc6 3 Bb5, lines without ...g6.} (6. c3 $5 ) ({Predecessor:} 6. c3 a6 7. Bf1 d5 8. exd5 Nxd5 9. d3 Be7 10. g3 O-O 11. Bg2 b6 12. Nbd2 Bb7 13. Nc4 {1-0 (83) Dragnev,V (2535)-Blanco Acevedo,C (2304) Warsaw 2021}) 6... a6 7. Bxc6 Nxc6 8. Bb2 {[%emt 0:00:04] The position is equal.} b5 9. Nc3 Be7 10. a4 bxa4 11. Nxa4 O-O 12. d4 cxd4 13. Nxd4 Bb7 14. Nxc6 Bxc6 15. Qd4 {[%emt 0:00:13][%csl Gb2][%cal Rd4g7] [#]} Bf6 {[%emt 0:04:30] A strong pair of Bishops.} 16. Qd3 Bxb2 17. Nxb2 f5 18. e5 a5 19. Qd2 Qh4 20. f3 Rfb8 21. Qf2 Qb4 22. Nd3 Qc3 23. Qc5 Qxc5+ 24. Nxc5 Kf7 25. Ra2 g5 26. Kf2 Ke7 27. h4 g4 28. Nd3 $1 a4 29. bxa4 Rxa4 30. Rxa4 Bxa4 31. c3 Rc8 32. Rc1 Bb5 {[%emt 0:02:16] Weighted Error Value: White=0.04 (flawless) /Black=0.03 (flawless)} 1/2-1/2

[Event "10th Norway Chess 2022"]
[Site "Stavanger"]
[Date "2022.06.10"]
[Round "9.1"]
[White "Wang, Hao"]
[Black "So, Wesley"]
[Result "1/2-1/2"]
[ECO "C67"]
[WhiteElo "2744"]
[BlackElo "2766"]
[Annotator "TA"]
[PlyCount "56"]
[EventDate "2022.05.30"]
[EventType "tourn"]
[EventCountry "NOR"]
[SourceTitle "playchess.com"]
[Source "ChessBase"]
[SourceQuality "1"]
[TimeControl "40/7200:0"]

1. e4 e5 2. Nf3 Nc6 3. Bb5 Nf6 4. O-O Nxe4 5. Re1 Nd6 6. Nxe5 Be7 7. Bf1 Nxe5 8. Rxe5 O-O 9. d4 Bf6 10. Re1 {[%emt 0:00:07] The position is equal.} Re8 {[%emt 0:00:05] C67: Ruy Lopez: Berlin Defence: 4 0-0 Nxe4.} 11. Bf4 Rxe1 12. Qxe1 Ne8 13. c3 d5 14. Bd3 g6 15. Nd2 Ng7 16. Qe2 c6 17. Re1 Bf5 18. Bxf5 Nxf5 19. Nf3 Ng7 20. Be5 Bxe5 21. Nxe5 Qd6 22. Qf3 f6 23. Ng4 Re8 {[%emt 0:00:12][%cal Re8e1] [#]} 24. Re5 $146 ({Predecessor:} 24. Rxe8+ Nxe8 25. g3 h5 26. Qe2 Kf7 27. Ne3 Qe6 28. f3 Nd6 29. Kf2 Qh3 30. Kg1 Qe6 31. Kf2 Qh3 32. Kg1 Qe6 {½-½ (32) Aronian,L (2781)-So,W (2770) chess24.com INT 2020}) 24... Kf7 (24... fxe5 $2 25. Nh6+ Kh8 26. Nf7+ Kg8 27. Nxd6 $18) 25. Nh6+ Kf8 26. Ng4 Kf7 27. Nh6+ Kf8 28. Ng4 Kf7 {[%emt 0:00:05] A balanced but interesting game.  Weighted Error Value: White=0.02 (flawless) /Black=0.00 (flawless)} 1/2-1/2

[Event "10th Norway Chess 2022"]
[Site "Stavanger"]
[Date "2022.06.10"]
[Round "9.1"]
[White "Topalov, Veselin"]
[Black "Carlsen, Magnus"]
[Result "1/2-1/2"]
[ECO "C54"]
[WhiteElo "2730"]
[BlackElo "2864"]
[Annotator "TA"]
[PlyCount "69"]
[EventDate "2022.05.30"]
[EventType "tourn"]
[EventCountry "NOR"]
[SourceTitle "playchess.com"]
[Source "ChessBase"]
[SourceQuality "1"]
[TimeControl "40/7200:0"]

1. e4 e5 2. Nf3 Nc6 3. Bc4 Nf6 4. d3 Bc5 5. c3 d6 6. O-O a5 {[%emt 0:00:17] C54: Giuoco Piano: 4 c3 Nf6, main lines with 5 d4 and 5 d3.} 7. Re1 Ba7 8. Nbd2 O-O 9. Nf1 Be6 10. Bxe6 fxe6 11. Be3 (11. Ng3 {keeps more tension.} Ng4 12. Re2 a4 13. h3) 11... Bxe3 {[%emt 0:00:13] [#]} 12. Rxe3 $146 ({Predecessor:} 12. Nxe3 a4 13. b4 axb3 14. axb3 Qd7 15. b4 Ne7 16. Qb3 h6 17. Nd2 Ng6 18. g3 {1-0 (54) Ponomariov,R (2675)-Cheparinov,I (2667) Hengshui 2019}) 12... Qd7 13. Rc1 a4 14. Ng3 Qf7 15. d4 h6 16. Qe2 Ra5 17. h3 Nh5 18. Nxh5 Qxh5 19. Rd1 Qf7 20. a3 exd4 21. cxd4 Ne7 22. g3 Nc8 23. Nh4 Nb6 24. e5 dxe5 25. Rf3 Qe8 26. Rxf8+ Qxf8 27. Ng6 Qe8 28. Nxe5 Rd5 29. Qc2 Qd8 30. Rd3 {[%emt 0:02:00] Hoping for Rf3.} ({Don't blunder} 30. Qg6 $2 Rxe5 31. Qd3 Rd5 $19) 30... Rxd4 31. Rxd4 Qxd4 32. Qxc7 Kh7 33. Qc2+ Kg8 $1 34. Qe2 ({Don't play} 34. Qc7 $6 Kh7 $16) 34... Nd7 35. Nxd7 {[%emt 0:03:08] Weighted Error Value: White=0.04 (flawless) /Black=0.03 (flawless)} 1/2-1/2

[Event "10th Norway Chess 2022"]
[Site "Stavanger"]
[Date "2022.06.10"]
[Round "9.1"]
[White "Tari, Aryan"]
[Black "Anand, Viswanathan"]
[Result "1/2-1/2"]
[ECO "C83"]
[WhiteElo "2654"]
[BlackElo "2751"]
[Annotator "TA"]
[PlyCount "43"]
[EventDate "2022.05.30"]
[EventType "tourn"]
[EventCountry "NOR"]
[SourceTitle "playchess.com"]
[Source "ChessBase"]
[SourceQuality "1"]
[TimeControl "40/7200:0"]

1. e4 e5 2. Nf3 Nc6 3. Bb5 a6 4. Ba4 Nf6 5. O-O Nxe4 6. d4 b5 7. Bb3 d5 8. dxe5 Be6 9. c3 Be7 10. Bc2 Bg4 {[%emt 0:01:19] C83: Open Ruy Lopez: 9 c3 Be7.} 11. Qe1 Bxf3 12. gxf3 Nc5 (12... Nxe5 $2 13. Qe2 $18) 13. b4 {[%emt 0:34:10] [#]} Na4 $146 {[%emt 0:06:51] The position is equal.} ({Predecessor:} 13... Ne6 14. f4 g6 15. Qe2 Bf8 16. a4 Rb8 17. axb5 axb5 18. Kh1 Qh4 19. Qf3 Ne7 {1-0 (53) Haria,R (2490)-Girya,O (2405) Gibraltar 2022}) 14. f4 Qd7 15. Qe2 {[%emt 0:06:09] Prevents Qg4+.} Nxc3 16. Nxc3 Nd4 17. Qd1 {[%emt 0:02:05] [#] Black must now prevent f5.} Nxc2 18. Qxc2 {[%emt 0:00:11] Qd3 is the strong threat.} Qg4+ 19. Kh1 {[%emt 0:00:04] aiming for Qd3.} Qf3+ 20. Kg1 {[%emt 0:00:05] Hoping for Ne2.} Qg4+ 21. Kh1 {[%emt 0:00:03] [#] Threatens to win with Qd3.} Qf3+ 22. Kg1 {[%emt 0:00:05] An even fight not without its subleties.  Weighted Error Value: White=0.06 (flawless) /Black=0.01 (flawless)} 1/2-1/2